 Dungeon Crawl Stone Soup version 0.28.0-53-g5a82cb258f (webtiles) character file.

Game seed: 7269610248921299898

26 SanguineChosen the Chopper (level 3, -8/33 HPs)
             Began as a Hill Orc Cinder Acolyte on June 24, 2022.
             Was a High Priest of Ignis.
             Mangled by an ogre
             ... wielding a +0 giant spiked club
              (34 damage)
             ... on level 2 of the Dungeon.
             The game lasted 00:05:38 (2112 turns).

SanguineChosen the Chopper (HOCA)                   Turns: 2112, Time: 00:05:43

Health: -8/33      AC:  3    Str: 18    XL:     3   Next: 8%
Magic:  0/4        EV: 11    Int: 14    God:    Ignis [*****.]
Gold:   73         SH:  0    Dex:  6    Spells: 2/4 levels left

rFire   + . .      SeeInvis .   a - -1 hand axe (flame)
rCold   . . .      Faith    .   (no shield)
rNeg    . . .      Spirit   .   b - +0 robe
rPois   .          Reflect  .   (no helmet)
rElec   .          Harm     .   (no cloak)
rCorr   .          Rampage  .   (no gloves)
Will    .....                   g - +0 pair of boots
Stlth   +.........              (no amulet)
HPRegen 0.11/turn               (no ring)
MPRegen 0.09/turn               (no ring)

@: no status effects
A: no striking features
a: Renounce Religion, Fiery Armour, Foxfire Swarm, Rising Flame


You were on level 2 of the Dungeon.
You worshipped Ignis.
Ignis was extremely pleased with you.
You visited 1 branch of the dungeon, and saw 2 of its levels.

You collected 73 gold pieces.

Inventory:

Hand Weapons
 a - a -1 hand axe of flaming (weapon)
Armour
 b - a +0 robe (worn)
 g - a +0 pair of boots (worn)
 h - a +4 ring mail
Jewellery
 e - a ring of ice
Scrolls
 d - 2 scrolls of identify {unknown}
 f - 2 scrolls of amnesia {unknown}
 j - a scroll of vulnerability {unknown}
Potions
 c - a potion of attraction {unknown}
 i - a potion of haste {unknown}
 k - a potion of curing {unknown}


   Skills:
 + Level 3.9 Fighting
 + Level 4.5 Axes
 + Level 1.2 Spellcasting
 + Level 3.7 Fire Magic


You had 2 spell levels left.
You knew the following spells:

 Your Spells              Type           Power      Damage    Failure   Level
a - Scorch                Fire           22%        2d6       9%          2

Your spell library contained the following spells:

 Spells                   Type           Power      Damage    Failure   Level


Dungeon Overview and Level Annotations

Branches:
Dungeon (2/15)

Altars:


Message History

The quokka barely misses you.
You completely miss the quokka.
The quokka is almost dead.
The quokka closely misses you. x2
The quokka barely misses you. The quokka barely misses you.
There is a stone staircase leading up here.
The quokka bites you but does no damage.
The quokka bites you.
You closely miss the quokka.
The quokka is severely wounded.
The quokka bites you but does no damage.
The quokka bites you. x2
You barely miss the quokka.
The quokka is severely wounded.
The quokka bites you. The quokka completely misses you.
Found a stone staircase leading up.
Casting: Scorch (safe; 9% risk of failure)
Press: ? - help, Q - select action Dir - look around, f - activate Look: an ogre, wielding a +0 giant spiked club Flames lash the quokka.
You kill the quokka!
Casting: Scorch (safe; 9% risk of failure)
Press: ? - help, Q - select action Dir - look around, f - activate Look: an ogre, wielding a +0 giant spiked club Flames lash the rat.
You kill the rat!
The ogre barely misses you.
You don't have enough magic to cast this spell.
You hit the ogre. You burn the ogre.
The ogre is moderately wounded.
The ogre closely misses you.
You slash the ogre! You burn the ogre.
The ogre is severely wounded.
You barely miss the giant cockroach. The giant cockroach bites you.
The giant cockroach bites you but does no damage.
The ogre hits you with a +0 giant spiked club!!
Ouch! That really hurt!
You die...

#...rB......<...##
#.###############P
#.# #. #.######.
## #........ #
#..#####.
#.#####†.#
..<....OB#
#.#####@.# #..#
#.... ####..# ..#
..# .##


You could see an ogre and a giant cockroach.

Vanquished Creatures
  A dart slug (D:1)
  2 endoplasms (D:1)
  3 giant cockroaches (D:1)
  3 goblins (D:1)
  2 kobolds
  A quokka (D:2)
  3 ball pythons (D:1)
  3 bats (D:1)
  A frilled lizard (D:1)
  4 rats
23 creatures vanquished.

Notes
Turn   | Place    | Note
-------+----------+-------------------------------------------
     0 | D:1      | SanguineChosen the Hill Orc Cinder Acolyte began the quest
                  | for the Orb.
     0 | D:1      | Reached XP level 1. HP: 19/19 MP: 2/2
    35 | D:1      | Found a faded altar of an unknown god.
   304 | D:1      | Reached XP level 2. HP: 22/27 MP: 3/3
   364 | D:1      | Learned a level 2 spell: Scorch
  1858 | D:1      | Reached XP level 3. HP: 33/33 MP: 1/4
  2070 | D:2      | Noticed an ogre
  2112 | D:2      | Mangled by an ogre

Illustrated notes

Levels and vault maps discovered:
D:1:      lightli_arrival_statue_moat, layout_loops_ring,
          hellmonk_ecumenical_altar_pennies_from_heaven, hangedman_decor_lopped,
          minivault_19
D:2:      layout_loops_ring, serial_shops, nicolae_shop_crystal,
          serial_aquarium, aquarium_bridge_long_joined [aquarium_subvault_wall,
          aquarium_subvault_bridge, aquarium_subvault_wall,
          aquarium_subvault_wall, aquarium_subvault_bridge,
          aquarium_subvault_bridge], aquarium_bridge_straight
          [aquarium_subvault_bridge, aquarium_subvault_window,
          aquarium_subvault_bridge, aquarium_subvault_wall],
          aquarium_window_corner, aquarium_window_corner, aquarium_window_3,
          aquarium_window_fake, aquarium_view_2c, aquarium_balcony_5b

Action                   || total
-------------------------++-------
Melee: Hand axe          ||    25
       Punch             ||     1
 Cast: Scorch            ||    15
Armor: Robe              ||     8
Dodge: Dodged            ||    22
